 Dungeon Crawl Stone Soup version 0.30-a0-465-g8901f6c8b5 (webtiles) character file.

Game seed: 4405233638600451887

4627 bande the Cleaver (level 10, -4/61 HPs)
             Began as a Gargoyle Fighter on Dec 18, 2022.
             Was an Initiate of Okawaru.
             Killed by divine providence
             ... invoked by an orc priest
              (13 damage)
             ... on level 9 of the Dungeon.
             The game lasted 00:13:21 (6690 turns).

bande the Cleaver (Gargoyle Fighter)                Turns: 6690, Time: 00:13:22

Health: -4/61      AC: 26    Str: 22    XL:     10   Next: 42%
Magic:  10/10      EV:  8    Int: 10    God:    Okawaru [......]
Gold:   507        SH:  0    Dex: 13    Spells: 9/9 levels left

rFire   . . .      SeeInvis .    f - +7 battleaxe of Gexed {flame, rC+ rN+ Str+3}
rCold   + . .      Faith    .    (shield currently unavailable)
rNeg    + + .      Spirit   .    o - +0 chain mail
rPois   ∞          Reflect  .    (no helmet)
rElec   +          Harm     .    k - +1 cloak
rCorr   .          Rampage  .    x - +0 pair of gloves
Will    .....                    v - +0 pair of boots
Stlth   ..........               (no amulet)
HPRegen 0.30/turn                h - +4 ring of protection
MPRegen 0.12/turn                D - +4 ring of slaying

@: no status effects
A: sickness immunity, AC +7, negative energy resistance 1, electricity
resistance, torment resistance 1, petrification resistance
a: Renounce Religion


You were on level 9 of the Dungeon.
You worshipped Okawaru.
Okawaru was noncommittal.
You visited 2 branches of the dungeon, and saw 10 of its levels.
You also visited: Ossuary.

You collected 507 gold pieces.

Inventory:

Hand Weapons
 a - a +1 war axe of protection
 f - the +7 battleaxe of Gexed (weapon) {flame, rC+ rN+ Str+3}
   (You acquired it on level 2 of the Dungeon)

   It burns those it strikes, dealing additional fire damage.
   Big, fiery blades are also staple armaments of hydra-hunters.
   Str:       It affects your strength (+3).
   rC:        It protects you from cold.
   rN:        It protects you from negative energy.
 A - a +0 war axe of venom
Armour
 c - a +0 buckler
 k - a +1 cloak (worn)
 o - a +0 chain mail (worn)
 v - a +0 pair of boots (worn)
 x - a +0 pair of gloves (worn)
Jewellery
 e - a ring of magical power
 g - a ring of magical power
 h - a +4 ring of protection (left hand)
 i - a +4 ring of protection
 j - a ring of protection from cold
 q - a ring of fire
 r - an amulet of the acrobat
 D - a +4 ring of slaying (right hand)
Wands
 y - a wand of flame (15)
 z - a wand of quicksilver (19)
 L - a wand of charming (12)
Scrolls
 n - a scroll of poison
 u - 2 scrolls of enchant armour
 B - a scroll of enchant weapon
 G - 3 scrolls of identify
 I - a scroll of silence
 J - a scroll of teleportation
Potions
 b - 4 potions of heal wounds
 d - 2 potions of might
 l - 3 potions of mutation
 m - 6 potions of curing
 p - a potion of ambrosia {unknown}
 s - 2 potions of magic
 t - 2 potions of lignification {unknown}
 w - a potion of brilliance {unknown}
 C - 2 potions of berserk rage {unknown}
 E - 2 potions of resistance {unknown}
 F - a potion of invisibility
 H - a potion of haste {unknown}
 K - a potion of cancellation {unknown}


   Skills:
 + Level 6.9 Fighting
 + Level 9.8 Axes
 + Level 6.7 Armour
 - Level 0.2 Dodging
 - Level 0.2 Stealth
 * Level 7.4 Shields
 * Level 1.0 Invocations
 * Level 3.3 Evocations


You had 9 spell levels left.
You didn't know any spells.
Your spell library contained the following spells:

 Spells                   Type           Power      Damage    Failure   Level
 Magic Dart               Conj           0%         1d3       95%         1
 Slow                     Hex            0%         N/A       95%         1
 Blink                    Tloc           0%         N/A       99%         2
 Momentum Strike          Conj/Tloc      0%         3d8       99%         2
 Poisonous Vapours        Pois/Air       0%         N/A       99%         2
 Searing Ray              Conj           0%         2d4       99%         2
 Confusing Touch          Hex            0%         N/A       100%        3
 Ignite Poison            Fire/Tmut/Pois 0%         N/A       100%        3
 Kindle Blastsparks       Fire/Tloc/Air  0%         2d10      100%        3
 Lesser Beckoning         Tloc           0%         N/A       100%        3
 Mephitic Cloud           Conj/Pois/Air  0%         N/A       100%        3
 Vampiric Draining        Necr           0%         2d6       100%        3
 Flame Wave               Conj/Fire      0%         2d4       100%        4
 Fulminant Prism          Conj/Hex       0%         3d5       100%        4
 Petrify                  Tmut/Erth      0%         N/A       100%        4
 Alistair's Intoxication  Tmut/Pois      0%         N/A       100%        5
 Borgnjor's Vile Clutch   Necr/Erth      0%         N/A       100%        5
 Freezing Cloud           Conj/Ice/Air   0%         6-21      100%        5
 Irradiate                Conj/Tmut      0%         3d11      100%        5
 Eringya's Noxious Bog    Tmut/Pois      0%         N/A       100%        6
 Cigotuvi's Dreadful Rot  Necr/Pois/Air  Unusable   N/A       N/A         2
 Sublimation of Blood     Necr           Unusable   N/A       N/A         2
 Malign Gateway           Summ/Tloc      Unusable   N/A       N/A         7

Dungeon Overview and Level Annotations

Branches:
Dungeon (9/15)             Temple (1/1) D:5            Lair (0/5) D:9
Ossuary (visited)
    Orc: D:9-12

Altars:
Ashenzari
Cheibriados
Dithmenos
Elyvilon
Fedhas
Gozag
Hepliaklqana
Kikubaaqudgha
Makhleb
Okawaru
Qazlal
Sif Muna
Trog
Uskayaw
Vehumet
Wu Jian
Xom
Yredelemnul
Zin
The Shining One

Shops:
D:1 [


Innate Abilities, Weirdness & Mutations

You are immune to sickness and miasma.
Your stone body is resilient. (AC +7)
You are immune to poison.
You resist negative energy. (rN+)
You are resistant to electric shocks. (rElec)
You are resistant to unholy torment.
You are immune to petrification.


Message History

The warg bites you.
You closely miss the warg.
The warg is heavily wounded.
The warg closely misses you. The warg bites you but does no damage.
You slice the warg!! You burn the warg.
You kill the warg!
Okawaru accepts your kill.
Your Invocations skill increases to level 1!
You slash the orc priest! You burn the orc priest.
The orc priest is almost dead.
The orc priest miscasts a cantrip.
The orc priest mumbles some strange prayers to Beogh against you.
Beogh smites you!
You hit the orc priest. You burn the orc priest.
You kill the orc priest!
Okawaru accepts your kill.
The orc priest looks encouraged for a moment.
The orc hits you but does no damage.
The orc priest invokes the aid of Beogh against you.
Beogh smites you!
You hit the orc. You burn the orc.
The orc is heavily wounded.
The orc hits you but does no damage.
The orc priest calls down the wrath of Beogh upon you.
Beogh smites you!
* * * LOW HITPOINT WARNING * * *
You slice the orc!! You burn the orc.
You kill the orc!
Okawaru accepts your kill.
You barely miss the orc. The orc barely misses you.
You slash the orc! You burn the orc.
You kill the orc!
The orc priest hits you but does no damage.
You slash the orc priest! You burn the orc priest.
You kill the orc priest!
Okawaru accepts your kill.
The bullfrog hits you but does no damage.
The orc priest invokes the aid of Beogh against you.
Beogh smites you!
You die...

..# .....>..... #.#
#.........# #.#
#[........# #'####
#....$..# .....#
#...o...# .....# #..)..#
.....# #...### .....#
############o...+
.....###........@Fh.####
.....'...############
.....##### ######


You could see a warg, a bullfrog and an orc priest.

Vanquished Creatures
  Prince Ribbit (D:8)
  Sigmund (D:4)
  6 yaks (D:8)
  A steam dragon (D:9)
  2 wargs (D:9)
  A water moccasin (D:9)
  3 black bears
  An orc warrior (D:6)
  3 ogres
  2 centaurs
  2 phantoms
  2 kobold brigands (D:8)
  Blork the orc (D:4)
  3 bullfrogs
  2 necrophages (D:7)
  2 scorpions (D:5)
  4 water moccasin zombies (Ossuary)
  4 killer bees (D:7)
  A howler monkey (D:4)
  4 hounds
  12 orc priests
  2 jellies
  3 iguanas
  6 orc wizards
  2 mummies (Ossuary)
  7 adders
  A shadow imp (D:7)
  2 white imps
  An ufetubus (D:4)
  2 adder zombies (Ossuary)
  6 worms
  A dart slug (D:5)
  16 orcs
  5 bats
  9 endoplasms
  2 giant cockroaches
  6 gnoll zombies (Ossuary)
  4 goblins
  6 hobgoblins
  7 jackals
  10 kobolds
  3 quokkas
  10 ball pythons
  A frilled lizard (D:1)
  8 hobgoblin zombies (Ossuary)
  3 kobold zombies (Ossuary)
  6 orc zombies (Ossuary)
  3 rats
190 creatures vanquished.

Notes
Turn   | Place    | Note
-------+----------+-------------------------------------------
     0 | D:1      | bande the Gargoyle Fighter began the quest for the Orb.
     0 | D:1      | Reached XP level 1. HP: 14/14 MP: 1/1
   100 | D:1      | Reached XP level 2. HP: 19/19 MP: 2/2
   179 | D:1      | Found Tuemast's Antique Armour Emporium.
   200 | D:1      | Reached skill level 2 in Axes
   214 | D:1      | You fall into a shaft and drop 1 floor!
   233 | D:2      | Reached XP level 3. HP: 23/23 MP: 3/3
   763 | D:2      | Identified a scroll of acquirement
   763 | D:2      | Acquired the +7 battleaxe of Gexed {flame, rC+ rN+ Str+3}
   967 | D:2      | Found a snail-covered altar of Cheibriados.
  1006 | D:2      | Reached XP level 4. HP: 28/29 MP: 4/4
  1328 | D:3      | Found a faded altar of an unknown god.
  1760 | D:3      | Reached skill level 3 in Axes
  2030 | D:4      | Noticed Sigmund
  2037 | D:4      | Killed Sigmund
  2038 | D:4      | Reached skill level 4 in Axes
  2038 | D:4      | Reached XP level 5. HP: 17/34 MP: 5/5
  2038 | D:4      | Reached XP level 6. HP: 20/39 MP: 6/6
  2473 | D:4      | Found a snail-covered altar of Cheibriados.
  2479 | D:4      | Noticed Blork the orc
  2499 | D:4      | Killed Blork the orc
  2853 | D:4      | Reached XP level 7. HP: 12/44 MP: 7/7
  3021 | D:4      | Reached skill level 5 in Axes
  3021 | D:4      | Reached skill level 5 in Armour
  3445 | D:5      | Entered Level 5 of the Dungeon
  3452 | D:5      | Reached skill level 5 in Fighting
  3564 | D:5      | Reached skill level 5 in Shields
  3564 | D:5      | Reached XP level 8. HP: 29/49 MP: 8/8
  3664 | D:5      | Found a hazy altar of Hepliaklqana.
  3700 | D:5      | Reached skill level 6 in Axes
  3715 | D:5      | Found a staircase to the Ecumenical Temple.
  3725 | Temple   | Entered the Ecumenical Temple
  4553 | D:6      | Found a sand-covered staircase.
  4561 | D:6      | Reached skill level 7 in Axes
  4574 | Ossuary  | Entered an ossuary
  4673 | Ossuary  | Reached XP level 9. HP: 54/55 MP: 9/9
  4789 | D:6      | Acquired a +4 ring of slaying
  5070 | D:6      | Found a glowing silver altar of Zin.
  5173 | D:7      | Reached skill level 1 in Evocations
  5269 | D:7      | Reached skill level 8 in Axes
  5512 | D:7      | Found a broken altar of Ashenzari.
  5624 | D:7      | Got the Exposition on the Arsonist and the Voyage
  5895 | D:8      | Found a white marble altar of Elyvilon.
  5914 | D:8      | Reached skill level 9 in Axes
  5921 | D:8      | Reached XP level 10. HP: 24/61 MP: 10/10
  5941 | D:8      | Noticed Prince Ribbit
  5947 | D:8      | Killed Prince Ribbit
  6505 | D:9      | Found an iron altar of Okawaru.
  6513 | D:9      | Became a worshipper of Warmaster Okawaru
  6554 | D:9      | Found a bloodstained altar of Trog.
  6673 | D:9      | Found a staircase to the Lair.
  6684 | D:9      | Reached skill level 1 in Invocations
  6690 | D:9      | Killed from afar by an orc priest

Illustrated notes

Levels and vault maps discovered:
D:1:      erik_arrival_blinker_ship, layout_rooms, serial_shops, shop,
          minmay_misc_feat_secret_circle
D:2:      layout_rooms, basic_altar, chequers_serial_rivers_marsh
D:3:      layout_loops_cross, hellmonk_ecumenical_altar_leap_of_faith,
          serial_glass, glass_columns_a, glass_columns_a, minmay_misc_feat_x
D:4:      layout_gridville, mainiacjoe_overflow_paths, chequers_jeans,
          uniq_sigmund, uniq_blork_the_orc
D:5:      layout_rooms, lemuel_tele_altar, minmay_temple_entry_nine_rooms
D:6:      layout_basic, zin_scriptorium, lightli_ossuary_entry_decrepit_ruins,
          grunt_decor_fettered
D:7:      layout_rooms, ashenzari_conservatory_becter
D:8:      layout_basic, kennysheep_little_box, serial_curves, eino_curves_01,
          eino_curves_03, eino_curves_04, eino_curves_03,
          minmay_misc_feat_square, uniq_prince_ribbit1
D:9:      layout_roguey, overflow_temple_1_default,
          mainiacjoe_overflow_small_starburst, nicolae_overflow_crystal_walls,
          okawaru_ov_weapons_minmay, erik_lair_orcish_takeover, orc_0_dummy,
          serial_shops, nicolae_inconvenience_store
Temple:   cyrus_circular_temple

Skill      XL: |  1  2  3  4  5  6  7  8  9 10 |
---------------+-------------------------------+-----
Axes           | 2 4 5 7 9 |  9.8
Fighting       | 4 5 6 |  6.9
Armour         | 4 5 6 |  6.7
Shields        | 4 5 6 7 |  7.4
Evocations     | 2 3 |  3.3
Invocations    | 1 |  1.0
Dodging        | |  0.2
Stealth        | |  0.2

Action                   |  1- 3 |  4- 6 |  7- 9 | 10-12 || total
-------------------------+-------+-------+-------+-------++-------
Melee: War axe           |    51 |       |       |       ||    51
       Battleaxe         |    16 |    86 |   214 |    46 ||   362
  Use: Scroll            |     9 |     1 |    10 |       ||    20
Armor: Scale mail        |    49 |    53 |    51 |       ||   153
       Chain mail        |       |       |   123 |    43 ||   166
Dodge: Dodged            |    39 |    54 |    82 |    19 ||   194
Block: Buckler           |    21 |       |       |       ||    21

Table legend: (Time is in decaauts)
 A = Elapsed time spent in this place.
 B = Non-inter-level travel time spent in this place.
 C = Inter-level travel time spent in this place.
 D = Time resting spent in this place.
 E = Time spent auto-exploring this place.
 F = Levels seen in this place.
 G = Mean time per level.
                   A        B        C        D        E       F      G
               +--------+--------+--------+--------+--------+-----+--------+
         Total |   6847 |   6673 |    174 |   1035 |   4168 |  11 |  622.5 |
       Dungeon |   6543 |   6369 |    174 |   1035 |   4047 |   9 |  727.0 |
        Temple |     70 |     70 |      0 |      0 |     49 |   1 |   70.0 |
       Ossuary |    233 |    233 |      0 |      0 |     72 |   1 |  233.0 |
               +--------+--------+--------+--------+--------+-----+--------+

Top non-repeatable levels by time:
     D:4: 1453 daAuts
     D:5: 894 daAuts
     D:2: 855 daAuts
     D:8: 845 daAuts
     D:3: 718 daAuts
     D:7: 567 daAuts
     D:6: 519 daAuts
     D:1: 500 daAuts
 Ossuary: 233 daAuts
     D:9: 188 daAuts
  Temple: 70 daAuts
